 Dungeon Crawl Stone Soup version 0.23.2-30-g0e89c35649 (webtiles) character file.

Game seed: 17709370252648978921

109 redwoodhats the Bolt Thrower (level 4, 0/26 HPs)
             Began as a Tengu Hunter on June 9, 2019.
             Slain by a gnoll
             ... wielding a +0 halberd
              (11 damage)
             ... on level 2 of the Dungeon.
             The game lasted 00:03:23 (799 turns).

redwoodhats the Bolt Thrower (Tengu Hunter)          Turns: 799, Time: 00:03:23

Health: 0/26       AC:  3    Str: 12    XL:     4   Next: 90%
Magic:  5/5        EV: 11    Int: 11    God:
Gold:   21         SH:  3    Dex: 16    Spells: 3/3 levels left

rFire    . . .     SeeInvis .   a - +1 hand crossbow
rCold    . . .     Gourm    .   h - +0 buckler
rNeg     . . .     Faith    .   c - +0 leather armour
rPois    .         Spirit   .   (helmet restricted)
rElec    .         Reflect  .   (no cloak)
rCorr    .         Harm     .   (no gloves)
MR       .....                  (boots unavailable)
Stlth    ++........             (no amulet)
HPRegen  0.08/turn              (no ring)
MPRegen  0.09/turn              (no ring)

@: no status effects
A: beak, talons 3
a: no special abilities


You were on level 2 of the Dungeon.
You were not hungry.

You visited 1 branch of the dungeon, and saw 2 of its levels.

You collected 21 gold pieces.

Inventory:

Hand Weapons
 a - a +1 hand crossbow (weapon)
 b - a +0 short sword
Armour
 c - a +0 leather armour (worn)
 h - a +0 buckler (worn)
Scrolls
 g - a scroll of noise {unknown}
 i - a scroll of remove curse {unknown}
 k - a scroll of amnesia {unknown}
Potions
 e - a potion of curing {unknown}
 j - a potion of resistance {unknown}
Comestibles
 f - 2 rations


   Skills:
 + Level 2.2 Fighting
 + Level 6.4 Crossbows
 + Level 1.0 Armour
 + Level 2.3 Dodging
 + Level 1.0 Stealth


You had 3 spell levels left.
You didn't know any spells.
Your spell library was empty.

Dungeon Overview and Level Annotations

Branches:
Dungeon (2/15)

Altars:


Innate Abilities, Weirdness & Mutations

You have a beak for a mouth.
You have claws for feet.


Message History

Press: ? - help, Shift-Dir - straight line, f/p - gnoll
Aim: a gnoll, wielding a +0 halberd (almost dead)
You shoot a bolt. The bolt closely misses the gnoll.
Firing (i - inventory)
d - 3 bolts (quivered)
Press: ? - help, Shift-Dir - straight line, f/p - gnoll
Aim: a gnoll, wielding a +0 halberd (almost dead)
You shoot a bolt. The bolt closely misses the gnoll.
Firing (i - inventory)
d - 2 bolts (quivered)
Press: ? - help, Shift-Dir - straight line, f/p - gnoll
Aim: a gnoll, wielding a +0 halberd (almost dead)
You shoot a bolt. The bolt closely misses the gnoll.
The gnoll barely misses you.
Firing (i - inventory)
d - a bolt (quivered)
Press: ? - help, Shift-Dir - straight line, f/p - gnoll
Aim: a gnoll, wielding a +0 halberd (almost dead)
You shoot a bolt.
The bolt hits the gnoll but does no damage.
The gnoll is almost dead.
The gnoll hits you from afar with a +0 halberd!
You die...

#### #########...
#.........#.
#.#######..#
########.### #... #
...........## #...
#..#######.....#####..
#....@...#.###.##....#
##..)###.#.# #.##.#..#
###g #.#.###.##.##..
#( #.............. #(
#####..###..... #(
#.........# #)
#..###.###. #(
#..###<##.#
#..........


You could see a gnoll.

Vanquished Creatures
  7 gnolls (D:2)
  An ooze (D:1)
  A worm (D:2)
  2 dart slugs
  A bat (D:1)
  3 giant cockroaches
  4 goblins
  3 hobgoblins
  4 kobolds
  A quokka (D:2)
  3 frilled lizards (D:1)
  4 rats
34 creatures vanquished.

Vanquished Creatures (others)
  5 toadstools (D:1)
5 creatures vanquished.

Grand Total: 39 creatures vanquished

Notes
Turn   | Place    | Note
-------+----------+-------------------------------------------
     0 | D:1      | redwoodhats the Tengu Hunter began the quest for the Orb.
     0 | D:1      | Reached XP level 1. HP: 12/12 MP: 2/2
    60 | D:1      | Reached XP level 2. HP: 14/17 MP: 3/3
   115 | D:1      | Reached skill level 5 in Crossbows
   448 | D:1      | Reached XP level 3. HP: 19/21 MP: 4/4
   660 | D:2      | Reached XP level 4. HP: 13/26 MP: 5/5
   661 | D:2      | Reached skill level 6 in Crossbows
   792 | D:2      | Reached skill level 1 in Armour
   799 | D:2      | Slain by a gnoll

Skill      XL: |  1  2  3  4 |
---------------+-------------+-----
Crossbows      | 5 6 |  6.4
Armour         | 1 |  1.0
Fighting       | |  2.2
Dodging        | |  2.3
Stealth        | |  1.0

Action                   |  1- 3 |  4- 6 || total
-------------------------+-------+-------++-------
Melee: Short sword       |     2 |       ||     2
       Kick              |     1 |       ||     1
 Fire: Hand crossbow     |    63 |    27 ||    90
Armor: Leather armour    |    10 |     1 ||    11
Dodge: Dodged            |    16 |     3 ||    19
Block: Buckler           |     5 |     1 ||     6
